Map: Tourmaline LE

Players

Spritzpups - Winner!

  • Race: Protoss Protoss
  • League: Diamond
  • Spawn Location: 1:00

HoldTheDoor

  • Race: Protoss Protoss
  • League: Diamond
  • Spawn Location: 7:00

VOD

Have the link to the VOD?

Description

Time

  • Played on: May 9, 2026, 1:26 p.m.
  • Length: 8:33
Show
View Real Time Build Order
Export as new Build Order

Spritzpups Protoss - Winner!

Build Orders:  

Get SALT Encoding   

  12  0:00  Probe  
  13  0:12  Probe  
  14  0:18  Pylon  
  14  0:24  Probe  
  15  0:34  Probe  
  15  0:39  Gateway  
  15  0:42  Probe  
  16  0:47  Assimilator  
  17  0:51  Probe  
  18  1:03  Probe  
  19  1:06  Gateway  
  19  1:17  Probe  
  20  1:18  Zealot  
  20  1:31  Pylon  
  22  1:38  Cybernetics Core  
  22  1:46  Pylon  
  22  1:56  Probe  
  23  2:09  Probe  
  24  2:16  Nexus  
  24  2:18  Warp Gate  
  24  2:25  Probe  
  25  2:30  Pylon  
  25  2:36  Sentry  
  25  2:39  Stalker, Probe  
  30  2:52  Shield Battery  
  30  2:54  Stalker  
  30  3:05  Probe  
  33  3:09  Assimilator, Stalker  
  35  3:19  Probe  
  36  3:27  Stalker  
  36  3:32  Probe x2  
  40  3:40  Probe  
  40  3:42  Adept  
  40  3:44  Probe  
  44  3:49  Probe  
  45  3:56  Probe  
  45  3:58  Probe  
  45  4:02  Pylon  
  47  4:08  Probe, Robotics Facility  
  48  4:11  Probe  
  48  4:16  Stalker  
  51  4:20  Probe  
  51  4:28  Zealot  
  53  4:36  Probe x2, Pylon, Gateway  
  55  4:41  Shield Battery  
  55  4:42  Stalker  
  57  4:50  Probe  
  58  4:58  Immortal  
  51  5:23  Zealot x2, Probe  
  51  5:24  Probe  
  56  5:31  Probe  
  56  5:32  Pylon  
  56  5:37  Probe  
  56  5:39  Probe  
  57  5:49  Probe  
  59  6:02  Immortal  
  63  6:06  Probe  
  63  6:07  Probe  
  65  6:14  Probe  
  65  6:15  Probe  
  65  6:20  Stalker  
  65  6:24  Pylon  
  69  6:41  Observer  
  69  6:45  Pylon  
  70  6:47  Nexus  
  70  6:48  Pylon  
  70  6:51  Probe x2  
  70  6:53  Forge  
  70  6:58  Twilight Council  
  70  6:59  Probe x2  
  72  7:03  Observer  
  75  7:08  Probe  
  75  7:09  Probe  
  77  7:18  Zealot  
  77  7:20  Sentry  
  77  7:21  Probe x2, Immortal  
  87  7:29  Assimilator  
  87  7:31  Stalker, Assimilator  
  87  7:33  Probe  
  87  7:35  Pylon  
  90  7:41  Probe  
  91  7:44  Zealot  
  91  7:45  Probe  
  91  7:51  Pylon  
  94  7:53  Probe  
  94  7:57  Pylon  
  87  8:06  Zealot x3  
Show
View Real Time Build Order
Export as new Build Order

HoldTheDoor Protoss 

Build Orders:  

Get SALT Encoding   

  12  0:00  Probe  
  13  0:12  Probe  
  14  0:17  Pylon  
  14  0:23  Probe  
  15  0:31  Probe  
  15  0:38  Gateway  
  15  0:40  Probe  
  16  0:49  Assimilator  
  17  0:58  Assimilator  
  17  0:59  Probe  
  18  1:05  Pylon  
  18  1:11  Probe  
  18  1:13  Assimilator  
  19  1:26  Probe  
  20  1:35  Cybernetics Core  
  20  1:39  Probe  
  21  1:51  Probe  
  22  1:56  Pylon  
  22  2:11  Stalker  
  22  2:14  Robotics Facility  
  24  2:16  Pylon, Warp Gate  
  24  2:18  Probe  
  25  2:30  Probe  
  25  2:32  Gateway  
  26  2:38  Stalker  
  26  2:42  Probe  
  29  2:51  Immortal  
  29  2:54  Probe  
  30  3:05  Stalker  
  36  3:18  Pylon  
  36  3:26  Warp Prism  
  36  3:31  Gateway  
  38  3:48  Gateway  
  38  3:53  Shield Battery  
  38  4:09  Stalker x2  
  42  4:22  Pylon  
  42  4:32  Adept x2  
  46  4:40  Pylon, Adept  
  48  5:06  Stalker x4  
  46  5:27  Immortal  
  48  5:40  Probe  
  45  5:46  Twilight Council, Zealot  
  45  5:47  Zealot x2  
  51  5:59  Warp Prism  
  51  6:02  Charge  
  51  6:05  Pylon  
  53  6:11  Sentry  
  53  6:13  Sentry  
  57  6:19  Zealot  
  57  6:21  Zealot  
  61  6:39  Zealot x2  
  65  6:56  Zealot x2  
  69  7:05  Zealot  
  71  7:12  Pylon  
  71  7:16  Pylon  
  71  7:29  Pylon  
  71  7:30  Zealot x2  
  75  7:42  Zealot  
  77  7:49  Zealot  
  69  8:08  Zealot  
  69  8:09  Zealot  
  47  8:26  Zealot  
  41  8:30  Zealot  
Tags
 
Matchup
PvP
Replay Pack
SC2Mai2026
Spawn Locations
Cross Positions
Add a new tag
Caveats
  • Supply blocks, unpowered buildings, or Contaminate may cause inaccurate times.
  • Supply counts are checked every 10 seconds.